AoeStats
← Wastro96

Arena

510176518Analyzed
4v4 RM · 3d ago on Sep 29, 2026· 39m 38s· 8 players
Game mode
Random Map
Map size
Large (8 player)
Population
200
Speed
Normal
Resources
Standard
Victory
Conquest
Starting age
Dark Age
Ending age
Imperial Age
RankedLock teamsTeams togetherTeam positionsShared explorationLock speedFull tech treeHidden civsTurbo modeCheats
Victory
Defeat
🇫🇷 Magyars · France
1186
+8
🇫🇷 Mongols · France
983
+16
🇺🇦 Slavs · Ukraine
964
+17
🇫🇷 Persians · France
943
+17
🇷🇺 Danes · Russia
1010
-15
🇬🇧 Persians · United Kingdom
1005
-15
🇹🇻 Turks · Tuvalu
998
-42
🇹🇷 Franks · Türkiye
952
-39
jr.winterburn
10:47 Feudal Age
15:04 Castle Age
16:15 Double-Bit Axe
16:28 Horse Collar
17:53 Heavy Plow
19:51 Bow Saw
25:18 Gold Mining
25:43 Forging
25:39 Scale Barding Armor
25:20 Pikeman
27:29 Gold Shaft Mining
30:43 Imperial Age
29:03 Wheelbarrow
34:29 Cavalier
35:28 Loom
36:02 Hand Cart
thaskyn
14:46 Feudal Age
22:41 Wheelbarrow
26:03 Castle Age
30:59 Scale Mail Armor
31:16 Forging
33:04 Hand Cart
Artem
0:43 Loom
9:47 Feudal Age
14:48 Castle Age
12:46 Double-Bit Axe
13:21 Horse Collar
16:21 Heavy Plow
Wastro96
15:55 Feudal Age
21:16 Man-at-Arms
33:03 Double-Bit Axe
36:52 Castle Age
Kim jong-un
11:08 Feudal Age
14:45 Castle Age
12:46 Stone Mining
14:34 Double-Bit Axe
14:33 Horse Collar
16:12 Bow Saw
19:53 Gold Mining
21:04 Heavy Plow
24:35 Wheelbarrow
23:45 Loom
23:46 Town Watch
25:59 Gold Shaft Mining
26:23 Hand Cart
26:36 Corvinian Army
31:22 Imperial Age
31:39 Husbandry
31:49 Bloodlines
32:10 Scale Barding Armor
32:30 Conscription
31:39 Elite Magyar Huszar
32:09 Treadmill Crane
33:08 Crop Rotation
33:45 Two-Man Saw
33:18 Chain Barding Armor
34:04 Hoardings
36:10 Plate Barding Armor
35:46 Siege Engineers
36:42 Chemistry
36:05 Ballistics
37:15 Fletching
37:35 Heavy Scorpion
PUR Vortex
10:11 Feudal Age
9:16 Loom
15:05 Castle Age
13:54 Stone Mining
13:51 Double-Bit Axe
22:22 Horse Collar
25:56 Gold Mining
29:27 Wheelbarrow
29:48 Scale Barding Armor
29:55 Forging
31:20 Hand Cart
33:59 Bow Saw
33:55 Town Watch
37:08 Imperial Age
35:22 Iron Casting
34:56 Heavy Plow
36:02 Husbandry
36:13 Bloodlines
36:26 Chain Barding Armor
36:47 Stone Shaft Mining
36:52 Gold Shaft Mining
37:06 Elite War Elephant
38:54 Blast Furnace
38:39 Plate Barding Armor
Siller
11:11 Feudal Age
14:51 Castle Age
14:42 Double-Bit Axe
18:19 Horse Collar
21:32 Fletching
21:44 Padded Archer Armor
22:54 Bow Saw
23:56 Bodkin Arrow
24:19 Leather Archer Armor
25:51 Gold Mining
25:52 Stone Mining
29:03 Heavy Plow
29:54 Wheelbarrow
32:03 Ballistics
35:25 Imperial Age
38:08 Chemistry
36:51 Elite Mangudai
38:08 Husbandry
38:19 Bloodlines
39:17 Parthian Tactics
38:57 Thumb Ring
39:44 Bracer
TaniaTequilaFromDushanbe
8:01 Loom
11:20 Feudal Age
11:50 Double-Bit Axe
12:52 Horse Collar
19:40 Castle Age
18:16 Scale Mail Armor
19:20 Forging
19:51 Pikeman
20:32 Squires
21:10 Iron Casting
20:58 Town Watch
24:53 Wheelbarrow
25:02 Chain Mail Armor
26:10 Gold Mining
27:15 Fletching
28:13 Bodkin Arrow
28:25 Heavy Plow
28:31 Stone Mining
32:57 Hand Cart
33:35 Gold Shaft Mining
34:23 Fortified Wall
34:17 Detinets
37:54 Imperial Age
39:09 Siege Engineers
39:38 Plate Mail Armor
40:23 Bow Saw
40:46 Crop Rotation
Connection lost

Rejoining the realm…

Still unreachable

The connection could not be restored.

Session expired

The server has moved on; the page needs a fresh start.